Map: Newkirk Precinct TE (Void)

Players

ShoWTimE - Winner!

  • Race: Protoss Protoss
  • Spawn Location: 5:00

TooDming

  • Race: Zerg Zerg
  • Spawn Location: 7:00

Event: WCS Austin 2017

VOD

Have the link to the VOD?

Description

Time

  • Played on: April 28, 2017, 8:52 p.m.
  • Length: 8:37

All games in this series

Show
View Real Time Build Order
Export as new Build Order

ShoWTimE Protoss - Winner!

Build Orders: 1 Gate Expand, Zealot Archon, Dark Templar Rush 

Get SALT Encoding   

  12  0:01  Probe (Chrono Boost)  
  13  0:11  Probe (Chrono Boost)  
  14  0:19  Pylon  
  14  0:22  Probe (Chrono Boost)  
  15  0:37  Probe (Chrono Boost)  
  15  0:40  Gateway  
  16  0:47  Assimilator  
  16  0:48  Probe (Chrono Boost)  
  17  0:59  Probe (Chrono Boost)  
  18  1:10  Probe (Chrono Boost)  
  19  1:23  Nexus  
  19  1:26  Probe (Chrono Boost)  
  20  1:36  Cybernetics Core  
  20  1:39  Probe (Chrono Boost)  
  21  1:44  Assimilator  
  21  1:50  Probe (Chrono Boost)  
  22  1:54  Pylon  
  22  2:00  Probe (Chrono Boost)  
  23  2:10  Adept  
  23  2:13  Warp Gate  
  23  2:14  Probe (Chrono Boost)  
  26  2:26  Probe (Chrono Boost)  
  26  2:28  Twilight Council  
  27  2:35  Probe (Chrono Boost), Stalker  
  29  2:38  Probe (Chrono Boost)  
  31  2:46  Probe (Chrono Boost)  
  31  2:50  Probe (Chrono Boost)  
  33  2:56  Probe (Chrono Boost)  
  34  2:59  Robotics Facility  
  34  3:03  Probe (Chrono Boost)  
  35  3:07  Probe (Chrono Boost)  
  36  3:13  Probe (Chrono Boost)  
  36  3:17  Probe (Chrono Boost)  
  36  3:19  Dark Shrine  
  38  3:24  Pylon  
  38  3:29  Gateway  
  38  3:31  Probe (Chrono Boost)  
  38  3:33  Probe (Chrono Boost)  
  41  3:41  Warp Prism, Probe (Chrono Boost)  
  41  3:45  Probe (Chrono Boost)  
  44  3:49  Assimilator  
  44  3:53  Probe (Chrono Boost)  
  44  3:54  Assimilator  
  47  3:56  Mothership Core (Chrono Boost)  
  47  3:59  Pylon  
  47  4:05  Probe (Chrono Boost)  
  47  4:08  Pylon  
  48  4:14  Probe (Chrono Boost)  
  50  4:17  Probe (Chrono Boost)  
  50  4:21  Observer  
  51  4:25  Probe (Chrono Boost)  
  51  4:29  Probe (Chrono Boost)  
  53  4:33  Dark Templar x2  
  53  4:35  Probe (Chrono Boost)  
  58  4:41  Probe (Chrono Boost), Nexus  
  58  4:45  Pylon  
  59  4:46  Probe (Chrono Boost)  
  61  4:53  Probe (Chrono Boost)  
  61  4:56  Probe (Chrono Boost)  
  61  4:58  Immortal  
  62  5:05  Probe (Chrono Boost)  
  67  5:09  Probe (Chrono Boost), Pylon  
  67  5:11  Archon  
  67  5:12  Dark Templar x2  
  72  5:17  Archon  
  72  5:20  Probe x2 (Chrono Boost)  
  74  5:25  Forge  
  74  5:30  Gateway  
  74  5:31  Gateway  
  74  5:33  Probe x2 (Chrono Boost)  
  76  5:37  Immortal  
  80  5:44  Probe (Chrono Boost)  
  80  5:45  Probe (Chrono Boost), Protoss Ground Weapons Level 1  
  80  5:47  Sentry x2  
  86  5:52  Charge  
  86  5:59  Gateway  
  86  6:00  Gateway  
  86  6:12  Gateway  
  86  6:14  Sentry x2  
  86  6:15  Probe (Chrono Boost)  
  86  6:18  Immortal  
  95  6:28  Gateway  
  95  6:30  Gateway  
  95  6:32  Probe x2 (Chrono Boost)  
  97  6:34  Pylon  
  97  6:35  Probe (Chrono Boost)  
  97  6:39  Zealot  
  100  6:44  Pylon  
  100  6:46  Pylon  
  100  6:47  Pylon  
  100  6:53  Dark Templar  
  100  6:54  Zealot x2, Dark Templar  
  104  6:57  Immortal  
  104  7:00  Archon  
  108  7:07  Pylon  
  112  7:16  Dark Templar  
  112  7:17  Zealot x2, Dark Templar  
  112  7:21  Pylon, Archon  
  120  7:23  Zealot  
  120  7:27  Zealot x2  
  126  7:31  Zealot x2, Pylon  
  130  7:44  Dark Templar  
  130  7:45  Zealot, Dark Templar  
  130  7:48  Pylon  
  130  7:49  Archon  
  136  7:59  Zealot x6  
  148  8:06  Zealot  
  150  8:18  Zealot x2  
  144  8:22  Pylon  
  144  8:23  Pylon  
  144  8:24  Zealot x2, Dark Templar x2  
  144  8:25  Zealot x2  
  148  8:30  Archon  
Show
View Real Time Build Order
Export as new Build Order

TooDming Zerg 

Build Orders: Hatch First 

Get SALT Encoding   

  12  0:00  Drone  
  13  0:13  Overlord  
  13  0:18  Drone  
  14  0:31  Drone x2  
  17  0:35  Drone  
  17  0:53  Hatchery  
  17  0:56  Drone  
  17  0:59  Drone  
  18  1:10  Extractor  
  17  1:16  Spawning Pool  
  16  1:19  Drone  
  16  1:21  Drone  
  18  1:28  Drone  
  20  1:47  Drone  
  20  1:58  Drone  
  21  2:01  Hatchery  
  21  2:04  Drone  
  21  2:05  Drone  
  22  2:10  Queen  
  24  2:19  Metabolic Boost  
  24  2:25  Overlord  
  24  2:28  Drone  
  24  2:29  Drone  
  26  2:36  Queen  
  28  2:44  Zergling x4  
  30  2:45  Zergling x2  
  30  2:48  Drone  
  32  2:53  Queen  
  32  2:58  Drone x2  
  35  3:04  Overlord  
  36  3:12  Overlord  
  36  3:13  Overlord  
  36  3:23  Drone x3  
  36  3:24  Drone x2  
  36  3:27  Drone  
  42  3:33  Drone x2  
  44  3:41  Drone  
  45  3:43  Roach Warren  
  45  3:46  Lair  
  44  3:50  Drone  
  44  3:51  Drone x3  
  44  3:52  Extractor  
  44  3:54  Drone  
  44  3:55  Drone  
  49  4:00  Drone x3  
  52  4:04  Evolution Chamber  
  52  4:07  Overlord x2  
  52  4:10  Drone  
  52  4:12  Drone x2  
  54  4:20  Drone x3  
  57  4:26  Queen x2  
  61  4:32  Zergling x12  
  67  4:40  Spore Crawler  
  67  4:41  Zergling x6  
  67  4:43  Spore Crawler  
  68  4:48  Drone, Hydralisk Den  
  68  4:54  Overseer  
  68  4:56  Drone  
  68  4:57  Drone x5  
  68  4:58  Drone  
  68  4:59  Extractor  
  71  5:00  Extractor  
  67  5:09  Drone x3  
  67  5:14  Drone x2, Overlord  
  72  5:18  Muscular Augments  
  72  5:26  Drone x2, Overlord x2  
  74  5:32  Hydralisk x2  
  74  5:34  Hydralisk  
  77  5:39  Hydralisk  
  77  5:40  Hydralisk  
  79  5:44  Drone x2  
  79  5:45  Drone  
  79  5:46  Drone  
  79  5:49  Overseer  
  82  5:56  Hydralisk x2  
  86  6:02  Hydralisk x2  
  90  6:05  Overlord x3  
  90  6:07  Hydralisk  
  90  6:10  Hydralisk  
  94  6:15  Overlord x2  
  94  6:25  Hydralisk x2  
  94  6:26  Hydralisk  
  94  6:29  Hydralisk  
  94  6:32  Zergling x12  
  108  6:38  Hydralisk x2  
  112  6:43  Hatchery  
  111  6:52  Drone  
  111  6:53  Baneling Nest  
  110  6:57  Hatchery  
  110  7:00  Drone x3  
  110  7:01  Drone x2  
  114  7:03  Drone x2  
  114  7:04  Drone  
  117  7:09  Drone  
  117  7:10  Drone x4  
  117  7:21  Drone x3  
  117  7:22  Overlord x2  
  119  7:35  Extractor  
  118  7:38  Baneling x12  
  118  7:39  Zergling x20  
  128  7:45  Zergling x2  
  128  7:47  Extractor  
  128  7:50  Zergling x2  
  129  7:55  Zergling x12  
  134  7:58  Baneling  
  134  7:59  Baneling x5  
  134  8:01  Baneling  
  134  8:02  Baneling x5  
  134  8:09  Zergling x2  
  134  8:10  Zergling x14  
Tags
 
Add a new tag
Caveats
  • Supply blocks, unpowered buildings, or Contaminate may cause inaccurate times.
  • Supply counts are checked every 10 seconds.